 Dungeon Crawl Stone Soup version 0.26.1-11-gd32895ea62 (webtiles) character file.

Game seed: 13913085983729207123

1344 dtburroughs the Chopper (level 8, -4/73 HPs)
             Began as a Minotaur Berserker on May 10, 2021.
             Was an Elder of Trog.
             Slain by an orc warrior
             ... wielding a +0 glaive
              (5 damage)
             ... on level 6 of the Dungeon on May 11, 2021.
             The game lasted 00:14:48 (8377 turns).

dtburroughs the Chopper (Minotaur Berserker)        Turns: 8377, Time: 00:14:48

Health: -4/73      AC: 11    Str: 20 (23) XL:     8   Next: 36%
Magic:  7/7        EV:  6    Int:  4 (6)  God:    Trog [****..]
Gold:   212        SH:  7    Dex:  6 (9)  Spells: 7/7 levels left

rFire    . . .     SeeInvis .   a - +0 hand axe
rCold    . . .     Faith    .   G - +0 kite shield
rNeg     . . .     Spirit   .   C - +0 chain mail
rPois    +         Reflect  .   (helmet restricted)
rElec    .         Harm     .   b - +0 cloak
rCorr    .         Rampage  .   (no gloves)
Will     +....                  (no boots)
Stlth    ..........             (no amulet)
HPRegen  0.22/turn              i - ring of willpower
MPRegen  0.10/turn              l - ring of poison resistance

@: no status effects
A: retaliatory headbutt, horns 2
a: Renounce Religion, Berserk, Trog's Hand, Brothers in Arms


You were on level 6 of the Dungeon.
You worshipped Trog.
Trog was greatly pleased with you.
You visited 1 branch of the dungeon, and saw 6 of its levels.

You collected 212 gold pieces.

Inventory:

Hand Weapons
 a - a +0 hand axe (weapon)
 E - a +0 whip of electrocution
Armour
 b - a +0 cloak (worn)
 C - a +0 chain mail (worn)
 F - the +5 ring mail of Kolossutt {Str+3 Dex+5, unknown}
   (You found it on level 6 of the Dungeon)

   It affects your strength (+3).
   It affects your dexterity (+5).
 G - a +0 kite shield (worn)
Jewellery
 i - a ring of willpower (left hand)
 l - a ring of poison resistance (right hand)
 r - a cursed ring of teleportation {unknown}
 s - a +6 ring of intelligence
 z - an uncursed ring of positive energy {unknown}
Wands
 t - a wand of disintegration (9)
Scrolls
 c - 2 scrolls of identify
 d - a scroll of fear {unknown}
 e - 4 scrolls of teleportation
 f - 2 scrolls of immolation {unknown}
 j - 4 scrolls of enchant weapon
 k - 5 scrolls of amnesia
 q - 2 scrolls of remove curse {unknown}
 y - a scroll of enchant armour {unknown}
 A - a scroll of noise {unknown}
 D - a scroll of brand weapon {unknown}
Potions
 g - a potion of degeneration
 h - a potion of brilliance {unknown}
 m - 2 potions of lignification
 n - 2 potions of mutation
 o - a potion of cancellation {unknown}
 p - a potion of curing
 u - a potion of invisibility {unknown}
 v - a potion of heal wounds {unknown}
 w - a potion of flight {unknown}
 x - 2 potions of haste {unknown}
 B - a potion of berserk rage {unknown}


   Skills:
 + Level 7.1 Fighting
 + Level 7.2 Axes
 + Level 6.4 Armour
 + Level 5.9 Dodging
 + Level 0.2 Shields


You had 7 spell levels left.
You didn't know any spells.
Your spell library was empty.

Dungeon Overview and Level Annotations

Branches:
Dungeon (6/15)             Temple (0/1) D:4

Altars:
Cheibriados
Trog
Yredelemnul

Shops:
D:5 ?


Innate Abilities, Weirdness & Mutations

You reflexively headbutt those who attack you in melee.
You have a pair of horns on your head.


Message History

You hit the orc warrior but do no damage.
You headbutt the orc warrior, but do no damage.
The orc warrior is lightly wounded.
The orc warrior hits you with a +0 glaive!
* * * LOW HITPOINT WARNING * * *
You barely miss the orc warrior.
The orc warrior is lightly wounded.
You hit the orc warrior but do no damage.
The orc warrior is lightly wounded.
You block the orc warrior's attack.
You hit the orc warrior.
The orc warrior is moderately wounded.
The orc warrior hits you with a +0 glaive!
* * * LOW HITPOINT WARNING * * *
Unknown command.
It was a potion of degeneration.
There was something very wrong with that liquid.
You feel weakened.
You feel dopey.
You feel clumsy.
The orc warrior hits you with a +0 glaive.
You die...

≈≈≈≈≈ ♣≈ .#.... ...
≈≈≈≈ ♣♣≈≈P#....##
#.#
.P≈♣♣♣≈≈≈≈##.....##
#.#
#≈P♣≈♣≈≈≈≈....o...
#.# #≈≈≈≈≈≈≈≈#
..... #.#
#.≈P≈≈≈≈≈# o.. #.#
..P≈P≈≈.≈# #.#
####.###.#
##.P≈≈≈≈#
#.#######........#
#...####
#oo@......##.#####
#..##
############.# #..#
#####.# #..#
#.....# #.<#######
#.##### #........#
#.# #..#####.#####
#.# #...)).......#
#.# ###
##.####..###..# #.#
#..


You could see an orc warrior and an orc priest.

Vanquished Creatures
  2 ogres (D:5)
  A centaur (D:6)
  A bullfrog (D:3)
  2 bullfrog zombies
  2 hounds (D:4)
  An orc priest (D:4)
  A jelly (D:6)
  A bullfrog skeleton (D:5)
  3 iguanas
  7 orc wizards
  A centaur skeleton (D:5)
  7 worker ants
  A killer bee zombie (D:5)
  Robin (D:3)
  A worker ant zombie (D:5)
  4 gnolls (D:6)
  11 adders
  4 white imps
  An ufetubus (D:5)
  An adder skeleton (D:5)
  5 worms
  A dart slug (D:1)
  4 leopard geckos
  12 orcs
  4 bats
  3 giant cockroaches (D:2)
  22 goblins
  12 hobgoblins
  9 jackals
  3 quokkas
  2 ball pythons
  7 frilled lizards
  9 kobolds
  6 rats
152 creatures vanquished.

Vanquished Creatures (others)
  61 plants
61 creatures vanquished.

Grand Total: 213 creatures vanquished

Notes
Turn   | Place    | Note
-------+----------+-------------------------------------------
     0 | D:1      | dtburroughs the Minotaur Berserker began the quest for the
                  | Orb.
     0 | D:1      | Reached XP level 1. HP: 19/19 MP: 0/0
   220 | D:1      | Reached XP level 2. HP: 27/27 MP: 1/1
   376 | D:1      | Reached ** piety under Trog
  1184 | D:2      | Reached XP level 3. HP: 33/33 MP: 2/2
  2299 | D:2      | Found a bloodstained altar of Trog.
  2430 | D:3      | Found a basalt altar of Yredelemnul.
  2525 | D:3      | Noticed a bullfrog
  2536 | D:3      | Killed a bullfrog
  2537 | D:3      | Reached XP level 4. HP: 29/41 MP: 3/3
  2728 | D:3      | Reached XP level 5. HP: 46/47 MP: 4/4
  3605 | D:3      | Reached *** piety under Trog
  3613 | D:3      | Noticed Robin
  3624 | D:3      | Killed Robin
  4066 | D:3      | Reached skill level 5 in Axes
  4378 | D:4      | Reached skill level 5 in Fighting
  4379 | D:4      | Reached XP level 6. HP: 14/56 MP: 5/5
  5138 | D:4      | HP: 2/56 [poisoned by orc (curare-tipped dart)]
  5466 | D:4      | Found a staircase to the Ecumenical Temple.
  5484 | D:4      | Reached XP level 7. HP: 52/62 MP: 6/6
  5635 | D:4      | Reached skill level 5 in Armour
  6271 | D:5      | Entered Level 5 of the Dungeon
  6442 | D:5      | Found Guheaf's Magic Scroll Emporium.
  6766 | D:5      | Reached skill level 5 in Dodging
  7153 | D:5      | Reached XP level 8. HP: 26/71 MP: 7/7
  8126 | D:6      | Reached **** piety under Trog
  8153 | D:6      | Found a snail-covered altar of Cheibriados.
  8201 | D:6      | Got a polished ring mail
  8376 | D:6      | HP: 1/73 [orc warrior/+0 glaive (7)]
  8377 | D:6      | Slain by an orc warrior

Illustrated notes

Levels and vault maps discovered:
D:1:      saegor_arrival_miasma, layout_loops_ring, minmay_misc_feat_doors,
          hex_medium
D:2:      layout_basic, lemuel_coloured_pillars_altar, minmay_puff
D:3:      kennysheep_goblin_castle, layout_basic, serial_forest,
          infiniplex_forest_straight_1, infiniplex_forest_straight_4,
          infiniplex_forest_diagonal, infiniplex_forest_clump_large,
          infiniplex_forest_lined_2, infiniplex_forest_lined_1,
          infiniplex_forest_lined_room_2, infiniplex_forest_lined_3_way,
          infiniplex_forest_clump_double, columned_hall_lemuel,
          yredelemnul_altar_generic
D:4:      layout_loops_corners, minmay_temple_entry_antechambers,
          kennysheep_small_spiral
D:5:      minmay_clustersquares, layout_layer_cave, serial_shops, shop
D:6:      layout_loops_ring, kennysheep_little_box,
          nicolae_overflow_hidden_temple, serial_bayou_lagoon_a

Skill      XL: |  1  2  3  4  5  6  7  8 |
---------------+-------------------------+-----
Axes           | 4 5 6 7 |  7.2
Fighting       | 4 5 6 7 |  7.1
Armour         | 3 4 6 |  6.4
Dodging        | 3 4 5 |  5.9
Shields        | |  0.2

Action                   |  1- 3 |  4- 6 |  7- 9 || total
-------------------------+-------+-------+-------++-------
Melee: Hand axe          |    84 |   144 |   217 ||   445
       Headbutt          |     8 |    26 |    38 ||    72
Invok: Trog's Hand       |       |     1 |       ||     1
  Use: Scroll            |       |     5 |       ||     5
       Potion            |       |     1 |     1 ||     2
 Stab: Sleeping          |     1 |       |       ||     1
Armor: Animal skin       |    14 |     1 |       ||    15
       Scale mail        |       |    69 |    36 ||   105
       Chain mail        |       |       |    31 ||    31
Dodge: Dodged            |    64 |   104 |    99 ||   267
Block: Kite shield       |       |       |     9 ||     9
